 Dungeon Crawl Stone Soup version 0.32-a0-306-gfed3edf829 (webtiles) character file.

Game seed: 7821875492502508082

1607 Newt the Changeling (level 8, -4/65 HPs)
             Began as a Merfolk Shapeshifter on Feb 14, 2024.
             Was an Initiate of Okawaru.
             Slain by a slime creature (18 damage)
             ... on level 9 of the Dungeon.
             The game lasted 00:05:54 (7163 turns).

Newt the Changeling (Merfolk Shapeshifter)          Turns: 7163, Time: 00:05:54

Health: -4/65      AC:  4    Str: 22    XL:     8   Next: 95%
Magic:  8/8        EV: 14    Int:  9    God:    Okawaru [......]
Gold:   411        SH:  5    Dex: 14    Spells: 7/7 levels left

rFire   . . .        B - +4 spear (heavy)
rCold   + . .        (no shield)
rNeg    . . .        t - +1 leather armour {rC+}
rPois   .            (helmet currently unavailable)
rElec   .            (cloak currently unavailable)
rCorr   .            (gloves currently unavailable)
SInv    .            (boots currently unavailable)
Will    .....        h - amulet of reflection
Stlth   +            n - +6 ring of strength
HPRegen 0.30/turn    (no ring)
MPRegen 0.11/turn

%: reflection
@: beast-form
A: beast (slay +4), (nimble swimmer 2), mertail
a: Begin Untransformation, Renounce Religion


You were on level 9 of the Dungeon.
You worshipped Okawaru.
Okawaru was noncommittal.
You were a hulking beast.
You visited 2 branches of the dungeon, and saw 10 of its levels.

You collected 411 gold pieces.

Inventory:

Hand Weapons
 B - a +4 heavy spear (weapon)
Missiles
 g - 20 poisoned darts (quivered)
Armour
 a - a +1 animal skin
 t - a +1 leather armour of cold resistance (worn)
 w - a +0 leather armour of fire resistance
 y - a +0 cloak
Jewellery
 e - an amulet of faith
 h - an amulet of reflection (around neck)
 k - a ring of magical power
 n - a +6 ring of strength (left hand)
 v - a ring of magical power
Talismans
 c - a beast talisman (active)
 d - a flux talisman
Wands
 j - a wand of roots (14)
 E - a wand of flame (16)
Scrolls
 b - a scroll of immolation {unknown}
 i - 2 scrolls of revelation
 m - 3 scrolls of poison
 q - a scroll of fog
 s - a scroll of torment {unknown}
 x - a scroll of fear {unknown}
 F - a scroll of enchant armour
Potions
 f - a potion of resistance {unknown}
 l - 3 potions of enlightenment
 o - 2 potions of berserk rage {unknown}
 p - a potion of brilliance
 r - a potion of degeneration {unknown}
 u - 2 potions of curing
 z - a potion of mutation {unknown}
 A - a potion of attraction {unknown}
 C - a potion of might {unknown}
 D - a potion of magic {unknown}
 G - 2 potions of lignification


   Skills:
 + Level 6.9 Fighting
 * Level 4.0 Polearms
 - Level 6.0 Dodging
 - Level 6.2 Unarmed Combat
 - Level 7.4 Shapeshifting


You had 7 spell levels left.
You didn't know any spells.
Your spell library was empty.

Dungeon Overview and Level Annotations

Branches:
Dungeon (9/15)             Temple (1/1) D:5
   Lair: D:8-11         Orc: D:9-12

Altars:
Cheibriados
Dithmenos
Elyvilon
Fedhas
Gozag
Hepliaklqana
Kikubaaqudgha
Makhleb
Okawaru
Qazlal
Ru
Sif Muna
Trog
Uskayaw
Vehumet
Wu Jian
Xom
Yredelemnul
Zin
The Shining One

Shops:
D:4 [


Innate Abilities, Weirdness & Mutations

You are a hulking beast.
Your limbs bulge with bestial killing power. (Slay +4)
((You are very nimble when in or above water. (Stealth+, EV+, Speed+++)))
Your lower body shifts to a powerful aquatic tail in water.


Message History

The slime creature attacks as it pursues you!
The slime creature closely misses you.
You puncture the slime creature!
The slime creature is severely wounded.
You block the slime creature's attack.
Two slime creatures merge to form a large slime creature.
The slime creature hits you.
Unknown command.
Two slime creatures merge to form an enormous slime creature.
The slime creature attacks as it pursues you!
The slime creature closely misses you.
The slime creature attacks as it pursues you!
The slime creature hits you!!
* * * LOW HITPOINT WARNING * * *
There is a stone staircase leading down here.
The slime creature hits you but does no damage.
You climb downwards.
There is a stone staircase leading up here.
Unknown command.
The slime creature attacks as it pursues you!
You block the slime creature's attack.
The slime creature attacks as it pursues you!
The slime creature closely misses you.
You puncture the slime creature!
The slime creature is lightly wounded.
You block the slime creature's attack.
You impale the slime creature!!
The slime creature is heavily wounded.
The slime creature barely misses you. The slime creature hits you!
* * * LOW HITPOINT WARNING * * *
You puncture the slime creature!
The slime creature is severely wounded.
You block the slime creature's attack.
It was a potion of curing.
You feel better. The slime creature closely misses you.
Unknown command.
You puncture the slime creature!
The slime creature is severely wounded.
The slime creature closely misses you. The slime creature hits you!!
You die...

######...
#........
#.....F..
#.....s..
#<# #.#
#.# #J#
#h#
#........
#########


You could see a slime creature.

Vanquished Creatures
  A steam dragon (D:7)
  Menkaure (D:4)
  2 centaurs
  A phantom (D:5)
  2 bullfrogs (D:6)
  3 scorpions
  2 howler monkeys
  5 hounds
  A jelly (D:4)
  A bombardier beetle (D:5)
  A gnoll bouda (D:5)
  3 sleepcaps
  2 iguanas
  9 gnolls
  13 adders
  3 dart slugs
  4 ribbon worms
  7 orcs
  3 ball pythons
  6 endoplasms
  3 giant cockroaches
  7 goblins
  6 hobgoblins
  10 jackals
  4 kobolds
  3 quokkas
  8 bats
  6 frilled lizards
  5 rats
122 creatures vanquished.

Notes
Turn   | Place    | Note
-------+----------+-------------------------------------------
     0 | D:1      | Newt the Merfolk Shapeshifter began the quest for the Orb.
     0 | D:1      | Reached XP level 1. HP: 15/15 MP: 1/1
    60 | D:1      | Reached XP level 2. HP: 9/21 MP: 2/2
   326 | D:1      | Reached XP level 3. HP: 27/27 MP: 3/3
   408 | D:1      | Reached skill level 5 in Shapeshifting
   824 | D:2      | Reached XP level 4. HP: 34/34 MP: 4/4
  1110 | D:2      | Reached skill level 6 in Shapeshifting
  1175 | D:2      | Reached XP level 5. HP: 35/41 MP: 5/5
  1801 | D:3      | Found a hide-covered altar of Uskayaw.
  1942 | D:3      | Found a glowing golden altar of the Shining One.
  2155 | D:3      | Found a glowing silver altar of Zin.
  2204 | D:3      | Found a bloodstained altar of Trog.
  2206 | D:3      | Found a shimmering altar of Xom.
  2416 | D:4      | Noticed Menkaure
  2733 | D:4      | Killed Menkaure
  2734 | D:4      | Reached skill level 7 in Shapeshifting
  2734 | D:4      | Reached XP level 6. HP: 48/48 MP: 6/6
  3076 | D:4      | Found Gyip's Antique Armour Shoppe.
  3104 | D:4      | Reached XP level 7. HP: 38/55 MP: 7/7
  3355 | D:4      | You fall into a shaft and drop 2 floors!
  3444 | D:5      | Entered Level 5 of the Dungeon
  3665 | D:5      | Found a sacrificial altar of Ru.
  4051 | D:5      | Reached skill level 5 in Fighting
  4051 | D:5      | Reached skill level 5 in Unarmed Combat
  4367 | D:5      | Reached XP level 8. HP: 63/63 MP: 8/8
  4371 | D:5      | Found a staircase to the Ecumenical Temple.
  4673 | Temple   | Entered the Ecumenical Temple
  4694 | Temple   | Became a worshipper of Warmaster Okawaru
  5050 | D:6      | Found a hazy altar of Hepliaklqana.
  5079 | D:6      | Reached skill level 5 in Dodging
  6075 | D:7      | Found an ornate altar of the Wu Jian Council.
  7069 | D:8      | Noticed a slime creature
  7069 | D:8      | Noticed a slime creature
  7072 | D:8      | Noticed a slime creature
  7074 | D:8      | Noticed a slime creature
  7075 | D:8      | Noticed a slime creature
  7131 | D:8      | Noticed a slime creature
  7160 | D:9      | HP: 2/65 [slime creature (16)]
  7163 | D:9      | Slain by a slime creature

Illustrated notes

Levels and vault maps discovered:
D:1:      giann_wishing_wells, layout_basic, corexii_hall_statues_i,
          nrook_mini_backslash, minmay_surrounded
D:2:      layout_loops_ring
D:3:      layout_loops_corners, nicolae_overflow_hidden_temple,
          general_overflow_altar, old_standard_altar, minmay_misc_feat_rows
D:4:      layout_loops_ring, serial_shops, nicolae_shop_advertising_works
          [nicolae_subvault_shop_adworks], uniq_menkaure
D:5:      layout_basic, nicolae_ru_awakened_eye, minmay_temple_entry_ruins
D:6:      layout_loops_ring, nzn_hepliaklqana_mist_gate
D:7:      layout_basic, pdpol_wu_jian_five_deadly_venoms
D:8:      minmay_razor_zed, layout_basic
D:9:      layout_small_grid, due_lair_maze_entry_diamond,
          gammafunk_ghost_hydra_chop, kennysheep_generic_room_16
Temple:   minmay_temple_bridge_abc

Skill      XL: |  1  2  3  4  5  6  7  8 |
---------------+-------------------------+-----
Fighting       | 2 3 4 5 6 |  6.9
Shapeshifting  | 5 6 7 |  7.4
Unarmed Combat | 4 6 |  6.2
Dodging        | 6 |  6.0
Polearms       | 4 |  4.0

Action                     |  1- 3 |  4- 6 |  7- 9 || total
---------------------------+-------+-------+-------++-------
  Melee: Unarmed           |    61 |   150 |   167 ||   378
         Punch             |     1 |     5 |     6 ||    12
         Spear             |       |       |    28 ||    28
    Use: Scroll            |     5 |     3 |     3 ||    11
         Potion            |       |     3 |     1 ||     4
   Stab: Sleeping          |     1 |     3 |       ||     4
 Armour: Animal skin       |    23 |    36 |       ||    59
         Skin              |       |     6 |       ||     6
         Leather armour    |       |    24 |    98 ||   122
  Dodge: Dodged            |    32 |    79 |   107 ||   218
  Block: Other             |     9 |    28 |    40 ||    77
         Reflection        |     1 |     2 |     2 ||     5
         Form:             |     1 |       |       ||     1
         Beast             |     1 |       |       ||     1

Table legend: (Time is in decaauts)
 A = Elapsed time spent in this place.
 B = Non-inter-level travel time spent in this place.
 C = Inter-level travel time spent in this place.
 D = Time resting spent in this place.
 E = Time spent auto-exploring this place.
 F = Levels seen in this place.
 G = Mean time per level.
                   A        B        C        D        E       F      G
               +--------+--------+--------+--------+--------+-----+--------+
         Total |   7134 |   6910 |    224 |   1348 |   4614 |  10 |  713.4 |
       Dungeon |   7097 |   6908 |    189 |   1348 |   4614 |   9 |  788.6 |
        Temple |     37 |      2 |     35 |      0 |      0 |   1 |   37.0 |
               +--------+--------+--------+--------+--------+-----+--------+

Top non-repeatable levels by time:
     D:4: 1278 daAuts
     D:3: 1218 daAuts
     D:5: 835 daAuts
     D:6: 824 daAuts
     D:7: 793 daAuts
     D:1: 742 daAuts
     D:2: 741 daAuts
     D:8: 652 daAuts
  Temple: 37 daAuts
     D:9: 10 daAuts
